 Dungeon Crawl Stone Soup version 0.15-a0-1729-g99b9770 (webtiles) character file.

67 Ales the Skirmisher (level 4, 0/40 HPs)
             Began as a Hill Orc Fighter on June 27, 2014.
             Was a Plaything of Xom.
             Slain by a hippogriff (1 damage)
             ... on Level 2 of the Dungeon.
             The game lasted 00:11:08 (1860 turns).

Ales the Skirmisher (Hill Orc Fighter)              Turns: 1860, Time: 00:11:08

HP   0/40        AC  8     Str 19      XL: 4   Next: 18%
MP   4/4         EV  6     Int 13      God: Xom
Gold 53          SH  0     Dex 10      Spells:  0 memorised,  3 levels left

rFire  . . .     SeeInvis .     a - +0 long sword
rCold  . . .     Clarity  .     b - +1 scale mail
rNeg   . . .     rCorr    .     c - +0 shield
rPois  .         rRot     .     (no helmet)
rElec  .         Spirit   .     (no cloak)
SustAb .         Warding  .     (no gloves)
rMut   .         Stasis   .     (no boots)
Gourm  .                        (no amulet)
MR     .....                    (no ring)
                                r - ring of flight

@: confused, brilliant, not resistant to hostile enchantments, extremely
unstealthy
A: no striking features
a: Renounce Religion, Evoke Flight


You were on level 2 of the Dungeon.
You worshipped Xom.
You were a special plaything of Xom.
You were not hungry.

You visited 1 branch of the dungeon, and saw 3 of its levels.

You collected 53 gold pieces.

Inventory:

Hand weapons
 a - a +0 long sword (weapon)
 e - a +0 flail
 g - a +0 hand axe
 n - a +0 hand axe
 v - a +0 spear
Armour
 b - a +1 scale mail (worn)
 c - a +0 shield (worn)
 m - a +0 ring mail
 t - a +0 ring mail
Comestibles
 d - 3 meat rations
Scrolls
 q - a scroll of remove curse
 u - 2 scrolls of identify
Jewellery
 f - an uncursed ring of ice
 r - a ring of flight (left hand)
Potions
 h - 2 potions of restore abilities
 j - 2 potions of haste {unknown}
 k - 2 potions of heal wounds {unknown}
 p - a potion of degeneration {unknown}
 s - 2 potions of curing {unknown}


   Skills:
 + Level 4.0 Fighting
 + Level 2.7 Long Blades
 + Level 4.0 Armour
 + Level 1.2 Dodging
 + Level 3.6 Shields


You had 3 spell levels left.
You didn't know any spells.

Dungeon Overview and Level Annotations

Branches:
Dungeon (3/15)

Altars:
Xom


Message History

The hobgoblin hits you with a club.
* * * LOW HITPOINT WARNING * * *
You climb upwards.
There is a stone staircase leading down here.
Xom titters.
You are confused.
Ouch! Ouch! The hippogriff barely misses you. The hippogriff pecks you.
* * * LOW HITPOINT WARNING * * *
The hippogriff claws you but does no damage.
Ouch! The hippogriff bites you.
* * * LOW HITPOINT WARNING * * *
The hippogriff pecks you.
* * * LOW HITPOINT WARNING * * *
The hippogriff claws you but does no damage.
Ouch!
The hippogriff bites you but does no damage.
The hippogriff pecks you.
You die...
Xom giggles madly!

#....#.########## #..#
#.#.##.# #..# #......# #%.#
###>#### #..# #.# #..# #.#
#..# #.# #..# #g#
#############..# #.#
#..gH@.........#
#.######.###########.######
#........# #.##...#
########.# #......# #.#
####...# #.# ##### ##.##
####.###...# #.#
#..........# #.# ##
#.#####..).# #.# #.


You could see a hippogriff and a hobgoblin.

Vanquished Creatures
  Terence (D:2)
  An adder (D:2)
  A worm (D:2)
  4 giant geckos
  3 ball pythons
  A giant cockroach (D:1)
  9 goblins
  6 hobgoblins
  A quokka (D:2)
  7 bats
  2 giant newts (D:1)
  4 jackals (D:2)
  5 kobolds
  3 rats (D:2)
48 creatures vanquished.

Notes
Turn   | Place    | Note
--------------------------------------------------------------
     0 | D:1      | Ales, the Hill Orc Fighter, began the quest for the Orb.
     0 | D:1      | Reached XP level 1. HP: 19/19 MP: 1/1
   138 | D:1      | Reached XP level 2. HP: 25/27 MP: 2/2
   694 | D:2      | Reached XP level 3. HP: 30/33 MP: 3/3
   783 | D:2      | Reached skill level 4 in Fighting
   832 | D:2      | Found a shimmering altar of Xom.
   850 | D:2      | Became a worshipper of Xom the Less-Predictable
  1100 | D:2      | Noticed Terence
  1118 | D:2      | Killed Terence
  1118 | D:2      | Reached skill level 1 in Dodging
  1168 | D:2      | XOM: harmless Pois miscast
  1283 | D:2      | XOM: 3-stop teleportation journey
  1310 | D:2      | Reached XP level 4. HP: 16/40 MP: 4/4
  1355 | D:2      | XOM: god gift: bread ration
  1394 | D:2      | XOM: summons 4 hostile shadow creatures
  1826 | D:3      | Noticed a hippogriff
  1855 | D:2      | XOM: confusion
  1859 | D:2      | HP: 1/40 [hippogriff (4)]
  1860 | D:2      | Slain by a hippogriff

Action                   |  1- 3 |  4- 6 || total
-------------------------+-------+-------++-------
Melee: Long sword        |   154 |    31 ||   185
  Use: Scroll            |     7 |       ||     7
       Potion            |       |     2 ||     2
